 Dungeon Crawl Stone Soup version 0.26.1-11-gd32895ea62 (webtiles) character file.

Game seed: 10490798717507472798

69 nothank2 the Cudgeller (level 4, -1/28 HPs)
             Began as a Gargoyle Fighter on June 24, 2021.
             Was an Initiate of Qazlal.
             Slain by Grinder (6 damage)
             ... while paralysed by Grinder
             ... on level 3 of the Dungeon.
             The game lasted 00:02:52 (1849 turns).

nothank2 the Cudgeller (Gargoyle Fighter)           Turns: 1849, Time: 00:02:52

Health: -1/28      AC: 10    Str: 21    XL:     4   Next: 20%
Magic:  4/4        EV:  2    Int:  8    God:    Qazlal [......]
Gold:   59         SH:  0    Dex:  9    Spells: 3/3 levels left

rFire    . . .     SeeInvis .   a - +0 flail
rCold    . . .     Faith    .   c - +0 kite shield
rNeg     + . .     Spirit   .   b - +0 scale mail
rPois    ∞         Reflect  +   (no helmet)
rElec    +         Harm     .   (no cloak)
rCorr    .         Rampage  .   (no gloves)
Will     .....                  (no boots)
Stlth    ..........             h - amulet of reflection
HPRegen  0.09/turn              (no ring)
MPRegen  0.09/turn              (no ring)

@: paralysed
A: negative energy resistance 1, electricity resistance, unbreathing,
petrification resistance, miasma immunity, AC +3
a: Renounce Religion


You were on level 3 of the Dungeon.
You worshipped Qazlal.
Qazlal was noncommittal.
You visited 1 branch of the dungeon, and saw 3 of its levels.

You collected 59 gold pieces.

Inventory:

Hand Weapons
 a - a +0 flail (weapon)
Missiles
 o - 15 poisoned darts (quivered)
Armour
 b - a +0 scale mail (worn)
 c - a +0 kite shield (worn)
Jewellery
 h - an amulet of reflection (around neck)
Scrolls
 e - 2 scrolls of magic mapping {unknown}
 g - a scroll of immolation {unknown}
 i - a scroll of identify {unknown}
 j - a scroll of enchant weapon {unknown}
 k - a scroll of amnesia {unknown}
 l - a scroll of fog {unknown}
 m - a scroll of fear {unknown}
 n - a scroll of enchant armour {unknown}
 q - a scroll of random uselessness {unknown}
Potions
 d - a potion of might
 f - 4 potions of curing {unknown}
 p - a potion of lignification {unknown}
 r - a potion of brilliance {unknown}


   Skills:
 - Level 3.2 Fighting
 + Level 4.3 Maces & Flails
 - Level 3.2 Armour
 - Level 3.2 Shields


You had 3 spell levels left.
You didn't know any spells.
Your spell library contained the following spells:

 Spells                   Type           Power        Failure   Level
 Beastly Appendage        Tmut           0%           99%         1
 Wereblood                Tmut           0%           100%        2
 Spider Form              Tmut/Pois      0%           100%        3
 Ice Form                 Ice/Tmut       0%           100%        4
 Blade Hands              Tmut           0%           100%        5


Dungeon Overview and Level Annotations

Branches:
Dungeon (3/15)

Altars:
Elyvilon
Kikubaaqudgha
Qazlal
Wu Jian
Yredelemnul

Annotations:
D:3 Grinder


Innate Abilities, Weirdness & Mutations

You are resistant to torment.
Your stone body is resilient. (AC +3)
You are immune to poison.
You resist negative energy. (rN+)
You are resistant to electric shocks. (rElec)
You can survive without breathing.
You are immune to petrification.
You are immune to miasma.


Message History

Grinder hits you.
You writhe in agony.
Your shield and scale mail prevent you from hitting Grinder.
Grinder is lightly wounded.
You block Grinder's attack. Grinder hits you but does no damage.
You barely miss Grinder.
Grinder is lightly wounded.
You block Grinder's attack.
Your shield and scale mail prevent you from hitting Grinder.
Grinder is lightly wounded.
Grinder gestures at you.
You suddenly lose the ability to move!
Grinder hits you but does no damage. Grinder hits you.
You writhe in agony.
Grinder hits you.
* * * LOW HITPOINT WARNING * * *
You writhe in agony.
* * * LOW HITPOINT WARNING * * *
Grinder hits you but does no damage. Grinder hits you.
You die...

#. #........
####.##
####.#######
###...... ..##.#
.......# #.##.#
#...... #.##.#
####.....#
#.##.#
........###.##.#
#.5##........#
#..@......####
##.######## ...
####


You could see Grinder.

Vanquished Creatures
  An adder (D:2)
  An ooze (D:2)
  2 worms (D:2)
  A dart slug (D:2)
  A bat (D:3)
  3 giant cockroaches (D:2)
  11 goblins
  7 hobgoblins
  4 jackals (D:3)
  3 kobolds
  3 frilled lizards
  5 rats
42 creatures vanquished.

Vanquished Creatures (others)
  A withered plant (D:2)
1 creature vanquished.

Grand Total: 43 creatures vanquished

Notes
Turn   | Place    | Note
-------+----------+-------------------------------------------
     0 | D:1      | nothank2 the Gargoyle Fighter began the quest for the Orb.
     0 | D:1      | Reached XP level 1. HP: 14/14 MP: 1/1
   109 | D:1      | Reached XP level 2. HP: 15/19 MP: 2/2
   469 | D:1      | Reached skill level 3 in Maces & Flails
   987 | D:2      | Found an ancient bone altar of Kikubaaqudgha.
  1003 | D:2      | Reached XP level 3. HP: 23/23 MP: 3/3
  1134 | D:2      | Reached skill level 4 in Maces & Flails
  1378 | D:2      | Reached XP level 4. HP: 28/28 MP: 4/4
  1514 | D:2      | Found a stormy altar of Qazlal.
  1514 | D:2      | Found a basalt altar of Yredelemnul.
  1514 | D:2      | Found an ornate altar of the Wu Jian Council.
  1517 | D:2      | Found a white marble altar of Elyvilon.
  1548 | D:2      | Became a worshipper of Qazlal Stormbringer
  1824 | D:3      | Noticed Grinder
  1844 | D:3      | Paralysed by Grinder for 6 turns
  1849 | D:3      | Slain by Grinder

Illustrated notes

Levels and vault maps discovered:
D:1:      minmay_arrival_five_plusses, layout_basic
D:2:      layout_basic, kiku_gazebo_garden_becter, minitemple
D:3:      layout_loops_corners, uniq_grinder

Skill      XL: |  1  2  3 |
---------------+----------+-----
Maces & Flails | 3 4 |  4.3
Fighting       | |  3.2
Armour         | |  3.2
Shields        | |  3.2

Action                   |  1- 3 |  4- 6 || total
-------------------------+-------+-------++-------
Melee: Flail             |    93 |    44 ||   137
Armor: Scale mail        |    35 |    12 ||    47
Dodge: Dodged            |    15 |    10 ||    25
Block: Kite shield       |    52 |    30 ||    82
